 Dungeon Crawl Stone Soup version 0.23-a0-819-g6debee6 (webtiles) character file.

273 Zerox the Sneak (level 6, -2/36 HPs)
             Began as a Kobold Assassin on Jan 22, 2019.
             Killed from afar by an orc wizard (7 damage)
             ... with a magic dart
             ... on level 4 of the Dungeon.
             The game lasted 00:08:42 (4583 turns).

Zerox the Sneak (Kobold Assassin)                   Turns: 4583, Time: 00:08:42

Health: -2/36      AC:  7    Str: 10    XL:     6   Next: 48%
Magic:  6/6        EV: 15    Int: 12    God:
Gold:   138        SH:  0    Dex: 17    Spells: 5/5 levels left

rFire    . . .     SeeInvis .   a - +2 dagger
rCold    . . .     Gourm    .   (shield restricted)
rNeg     . . .     Faith    .   c - +0 robe
rPois    .         Spirit   .   l - +0 helmet
rElec    .         Reflect  .   d - +0 cloak
rCorr    .         Harm     .   r - +2 pair of gloves
MR       .....                  (no boots)
Stlth    ++++......             (no amulet)
HPRegen  0.12/turn              (no ring)
MPRegen  0.10/turn              (no ring)

@: lethally poisoned (-2 -> -3)
A: small, carnivore
a: no special abilities


You were on level 4 of the Dungeon.
You were very full.

You visited 2 branches of the dungeon, and saw 6 of its levels.

You collected 138 gold pieces.

Inventory:

Hand Weapons
 a - a +2 dagger (weapon)
 b - a +0 blowgun
Missiles
 f - 2 curare-tipped needles
 i - 5 tomahawks (quivered)
Armour
 c - a +0 robe (worn)
 d - a +0 cloak (worn)
 l - a +0 helmet (worn)
 r - a +2 pair of gloves (worn)
 v - a scarf of spirit shield
Wands
 o - a wand of paralysis (6)
Scrolls
 h - 2 scrolls of enchant armour {unknown}
 j - 2 scrolls of remove curse {unknown}
 k - 3 scrolls of identify {unknown}
 m - a scroll of teleportation {unknown}
 n - a scroll of noise {unknown}
 s - 2 scrolls of blinking {unknown}
 t - a scroll of fear {unknown}
 u - a scroll of enchant weapon {unknown}
 w - a scroll of random uselessness {unknown}
 x - a scroll of magic mapping {unknown}
Potions
 p - 4 potions of brilliance
 q - a potion of resistance
Comestibles
 g - 7 rations
 z - a chunk of flesh


   Skills:
 - Level 2.9 Fighting
 + Level 6.4 Short Blades
 - Level 2.2 Throwing
 - Level 2.0 Dodging
 - Level 7.2 Stealth


You had 5 spell levels left.
You didn't know any spells.
Your spell library was empty.

Dungeon Overview and Level Annotations

Branches:
Dungeon (5/15)             Temple (1/1) D:4

Altars:
Ashenzari
Cheibriados
Dithmenos
Elyvilon
Fedhas
Hepliaklqana
Kikubaaqudgha
Nemelex Xobeh
Okawaru
Qazlal
Ru
Sif Muna
Trog
Uskayaw
Vehumet
Xom

Annotations:
D:2 exclusion: downstairs
D:4 4 transporters, Autsider's ghost, amateur DrWz


Innate Abilities, Weirdness & Mutations

You are small and have problems with some larger weapons.
You are carnivorous and can eat meat at any time.


Message History

You feel sick.
You hit the orc wizard.
The orc wizard is almost dead.
The orc wizard hits you but does no damage.
You closely miss the orc wizard.
The orc wizard is almost dead.
The orc wizard casts a spell at you. The magic dart hits you.
* * * LOW HITPOINT WARNING * * *
You barely miss the orc wizard.
The orc wizard is almost dead.
You closely miss the orc wizard.
The orc wizard is almost dead.
The orc wizard barely misses you.
You hit the orc wizard but do no damage.
The orc wizard is almost dead.
You feel sick. The orc wizard casts a spell at you. The magic dart hits you!
You die...

#..........>.....
#.###############
#.##.. ..©.. ..#.
#.##..##...##..##
#.##.#..#.#..#.#
##.##.#..#.#..#.#
#...#..##...##..#
###..##©.OOOW[....##
#.o@.###############
#.#.##.....©.©.....#
#.#.#######...######
#.#.# ##.## #.#.#
#.# # #.#.# #.# #
#.#.# #.#######
#.#.# #.##.....
#.#.# #.##.####


You could see an orc wizard.

Vanquished Creatures
  A howler monkey (D:4)
  A centaur skeleton (D:4)
  An iguana (D:4)
  An orc wizard (D:5)
  2 worker ants
  4 adders
  3 oozes
  An adder skeleton (D:4)
  2 dart slugs
  3 leopard geckos
  3 orcs
  3 giant cockroaches
  5 hobgoblins
  2 jackals (D:2)
  2 quokkas
  A ball python (D:1)
  5 bats
  5 frilled lizards
  7 goblins
  3 kobolds
  3 rats
58 creatures vanquished.

Notes
Turn   | Place    | Note
-------+----------+-------------------------------------------
     0 | D:1      | Zerox the Kobold Assassin began the quest for the Orb.
     0 | D:1      | Reached XP level 1. HP: 12/12 MP: 1/1
   526 | D:1      | Reached XP level 2. HP: 12/17 MP: 2/2
   880 | D:1      | Reached XP level 3. HP: 20/22 MP: 3/3
   894 | D:1      | Reached skill level 6 in Stealth
  1771 | D:2      | Found an iron altar of Okawaru.
  1820 | D:2      | Reached XP level 4. HP: 27/27 MP: 4/4
  3137 | D:3      | Found a snail-covered altar of Cheibriados.
  3312 | D:3      | Reached skill level 7 in Stealth
  3431 | D:4      | Found a staircase to the Ecumenical Temple.
  3449 | Temple   | Entered the Ecumenical Temple
  3729 | D:4      | Reached XP level 5. HP: 32/32 MP: 5/5
  4067 | D:4      | Reached skill level 5 in Short Blades
  4160 | D:4      | Found a transporter.
  4194 | D:4      | Found a transporter.
  4196 | D:4      | Found a transporter.
  4364 | D:4      | Reached XP level 6. HP: 32/36 MP: 6/6
  4450 | D:4      | Noticed an ogre
  4451 | D:4      | Noticed Autsider's ghost (amateur DrWz)
  4452 | D:4      | Noticed an ogre
  4453 | D:4      | Found a transporter.
  4453 | D:4      | Noticed an ogre
  4475 | D:4      | Noticed a fire bat
  4476 | D:4      | Noticed a fire bat
  4503 | D:5      | Entered Level 5 of the Dungeon
  4583 | D:4      | Killed from afar by an orc wizard

Vault maps used:
D:1:      minmay_arrival_hallway
D:2:      okawaru_metal_pillars_1_2, first_ration,
          hangedman_abyss_or_decor_stabs, minmay_tromino_v2
D:3:      marbit_many_paths
D:4:      gammafunk_cloud_chamber, minmay_temple_entry_ruins,
          gammafunk_ghost_smash
D:5:      serial_shops, nicolae_shop_crystal
Temple:   dpeg_chambers_temple

Skill      XL: |  1  2  3  4  5  6 |
---------------+-------------------+-----
Short Blades   | 3 5 6 |  6.4
Stealth        | 6 7 |  7.2
Dodging        | 2 |  2.0
Fighting       | |  2.9
Throwing       | |  2.2

Action                   |  1- 3 |  4- 6 || total
-------------------------+-------+-------++-------
Melee: Dagger            |    83 |   191 ||   274
 Fire: Blowgun           |       |    10 ||    10
  Use: Potion            |       |     5 ||     5
 Stab: Sleeping          |     7 |    11 ||    18
       Distracted        |     1 |       ||     1
  Eat: Chunk             |    11 |     7 ||    18
Armor: Robe              |     8 |    28 ||    36
       Skin              |       |    57 ||    57
Dodge: Dodged            |    46 |    67 ||   113

Table legend:
 A = Non-vault XP
 B = Vault XP
 C = Vault XP percentage of total XP
 D = Non-vault monster count
 E = Vault monster count
 F = Vault count percentage of total count
                 A         B        C        D         E       F
            +---------+---------+-------+---------+---------+-------
      Total |     384 |       7 |   1.8 |      55 |       3 |   5.2
            +---------+---------+-------+---------+---------+-------
        D:1 |      44 |       0 |   0.0 |      21 |       0 |   0.0
        D:2 |      45 |       5 |  10.0 |      11 |       2 |  15.4
        D:3 |      36 |       2 |   5.3 |      10 |       1 |   9.1
        D:4 |     175 |       0 |   0.0 |      10 |       0 |   0.0
        D:5 |      84 |       0 |   0.0 |       3 |       0 |   0.0
            +---------+---------+-------+---------+---------+-------
